 Dungeon Crawl Stone Soup version 0.23.2-1-ga50397a (webtiles) character file.

Game seed: 355263314127183157

129 Magicfruit the Slasher (level 5, -2/41 HPs)
             Began as a Human Fighter on May 25, 2019.
             Slain by Sigmund
             ... wielding a +1 scythe of pain
              (9 damage)
             ... on level 3 of the Dungeon.
             The game lasted 00:09:38 (2303 turns).

Magicfruit the Slasher (Human Fighter)              Turns: 2303, Time: 00:09:39

Health: -2/41      AC: 12    Str: 21      XL:     5   Next: 35%
Magic:  5/5        EV:  4    Int:  7 (8)  God:
Gold:   94         SH:  9    Dex: 12 (14) Spells: 4/4 levels left

rFire    . . .     SeeInvis .   a - +0 long sword
rCold    . . .     Gourm    .   c - +0 shield
rNeg     . . .     Faith    .   e - +1 plate armour {MR+}
rPois    .         Spirit   .   (no helmet)
rElec    .         Reflect  .   m - scarf {repulsion}
rCorr    .         Harm     .   (no gloves)
MR       +....                  (no boots)
Stlth    ..........             (no amulet)
HPRegen  0.13/turn              k - ring of flight
MPRegen  0.09/turn              (no ring)

@: mighty, repel missiles
A: no striking features
a: Evoke Flight


You were on level 3 of the Dungeon.
You were not hungry.

You visited 1 branch of the dungeon, and saw 3 of its levels.

You collected 94 gold pieces.

Inventory:

Hand Weapons
 a - a +0 long sword (weapon)
 i - a +1 hand axe of holy wrath
Armour
 b - a +0 scale mail
 c - a +0 shield (worn)
 e - a +1 plate armour of magic resistance (worn)
 l - a +0 plate armour
 m - a scarf of repulsion (worn)
Jewellery
 k - a ring of flight (left hand)
Wands
 h - a wand of random effects (20)
 j - a wand of enslavement (9)
Scrolls
 g - a scroll of remove curse
 n - a scroll of identify
Comestibles
 f - 7 rations


   Skills:
 + Level 3.5 Fighting
 + Level 3.7 Long Blades
 + Level 3.4 Armour
 + Level 0.3 Dodging
 + Level 0.1 Stealth
 + Level 3.6 Shields


You had 4 spell levels left.
You didn't know any spells.
Your spell library was empty.

Dungeon Overview and Level Annotations

Branches:
Dungeon (3/15)

Altars:

Annotations:
D:3 Sigmund


Message History

Sigmund hits you with a +1 scythe of pain!
You closely miss Sigmund. You slash Sigmund!
Sigmund is moderately wounded.
Sigmund hits you with a +1 scythe of pain.
* * * LOW HITPOINT WARNING * * *
You writhe in agony.
* * * LOW HITPOINT WARNING * * *
The kobold barely misses you.
Okay, then.
You feel very mighty all of a sudden. You block the kobold's attack.
Sigmund hits you with a +1 scythe of pain.
* * * LOW HITPOINT WARNING * * *
You closely miss Sigmund.
Sigmund is moderately wounded.
You block the kobold's attack.
Sigmund flickers, as though insubstantial.
Sigmund hits you with a +1 scythe of pain!
You die...

#. #.#.......# #. ##.#.#.###.#
# #.# #......# #.# # #.#
#.###### #.#### ##.## #.#
#..... #...# #.# ######
#...##########.# #
#.........K....### # #
#####...###.#.@@...(.# ... #
##..........<#.#..#...###.....
...............#.....†........
##...........#.#..##)†###.....
#####...###.#................
#............####.#####.#
#.<.########.####.#####.#
#...## #.........##.####
...... ######.##.##.#...


You could see Sigmund and a kobold.

Vanquished Creatures
  Terence (D:2)
  A worker ant (D:3)
  2 adders (D:3)
  2 dart slugs (D:3)
  2 leopard geckos (D:3)
  5 orcs (D:3)
  6 bats
  A giant cockroach (D:2)
  7 goblins
  6 hobgoblins
  2 jackals (D:1)
  7 kobolds
  A ball python (D:3)
  4 frilled lizards
  4 rats
51 creatures vanquished.

Notes
Turn   | Place    | Note
-------+----------+-------------------------------------------
     0 | D:1      | Magicfruit the Human Fighter began the quest for the Orb.
     0 | D:1      | Reached XP level 1. HP: 18/18 MP: 1/1
    62 | D:1      | Reached XP level 2. HP: 24/24 MP: 2/2
   715 | D:2      | Noticed Terence
   750 | D:2      | Killed Terence
   750 | D:2      | Reached XP level 3. HP: 16/29 MP: 3/3
  1108 | D:2      | Reached XP level 4. HP: 29/35 MP: 4/4
  1685 | D:3      | Noticed Sigmund
  1801 | D:3      | Reached XP level 5. HP: 23/41 MP: 5/5
  2303 | D:3      | Slain by Sigmund

Skill      XL: |  1  2  3  4 |
---------------+-------------+-----
Long Blades    | 3 |  3.7
Fighting       | |  3.5
Armour         | |  3.4
Dodging        | |  0.3
Stealth        | |  0.1
Shields        | |  3.6

Action                   |  1- 3 |  4- 6 || total
-------------------------+-------+-------++-------
Melee: Long sword        |   116 |   159 ||   275
  Use: Potion            |     6 |     4 ||    10
       Scroll            |     3 |     6 ||     9
  Eat: Ration            |     1 |     1 ||     2
Armor: Scale mail        |    41 |       ||    41
       Plate armour      |    48 |    95 ||   143
Dodge: Dodged            |    28 |    12 ||    40
Block: Shield            |    74 |    76 ||   150
       Rpst.: Long sword |     9 |     4 ||    13
